AoeStats
← ivcrk826

Enclosed

504022571Analyzed
1v1 RM · 29d ago on Sep 3, 2026· 89m 45s· 2 players
Game mode
Random Map
Map size
Tiny (2 player)
Population
200
Speed
Normal
Resources
Standard
Victory
Conquest
Starting age
Dark Age
Ending age
Imperial Age
RankedLock teamsTeams togetherTeam positionsShared explorationLock speedFull tech treeHidden civsTurbo modeCheats
Victory
Defeat
🇦🇷 Ethiopians · Argentina
1155
+15
🇨🇴 Malians · Colombia
1143
-15
javier.romero.puentes
8:40 Loom
10:42 Feudal Age
13:03 Double-Bit Axe
13:20 Fletching
15:08 Padded Archer Armor
15:48 Wheelbarrow
15:11 Fletching
20:15 Town Watch
24:17 Castle Age
24:23 Crossbowman
25:10 Thumb Ring
27:28 Squires
32:56 Forging
33:54 Arson
37:08 Hand Cart
41:13 Imperial Age
38:58 Elite Skirmisher
39:40 Bodkin Arrow
40:40 Leather Archer Armor
41:02 Iron Casting
41:41 Ballistics
43:24 Chemistry
43:32 Ring Archer Armor
47:53 Man-at-Arms
67:40 Horse Collar
72:25 Arbalester
79:15 Capped Ram
ivcrk826
6:33 Loom
9:32 Feudal Age
10:03 Double-Bit Axe
9:43 Man-at-Arms
14:57 Fletching
24:30 Castle Age
23:29 Padded Archer Armor
23:26 Gold Mining
24:34 Crossbowman
25:22 Bodkin Arrow
27:41 Gold Shaft Mining
29:39 Ballistics
33:23 Thumb Ring
35:54 Leather Archer Armor
41:24 Imperial Age
44:05 Bracer
56:46 Chemistry
57:38 Arbalester
67:43 Cavalier
70:29 Wheelbarrow
70:19 Town Watch
72:01 Scale Barding Armor
73:09 Chain Barding Armor
85:24 Forging
85:58 Conscription
88:27 Iron Casting
87:54 Light Cavalry
89:54 Husbandry
Connection lost

Rejoining the realm…

Still unreachable

The connection could not be restored.

Session expired

The server has moved on; the page needs a fresh start.